2880 views
Uploaded 2020-03-07 05:26:45
Game version 1.32.2
13:41 long 1on1 ladder game on (2)NorthernIsles
Saved by Shackler
2880 views
Uploaded 2020-03-07 05:26:45
Game version 1.32.2
13:41 long 1on1 ladder game on (2)NorthernIsles

20 units @ 3.1k
/ 0.2k
10 buildings @ 1.6k
/ 0.6k

| Lesser Clarity Potion | 5 | 350 |
| Healing Salve | 4 | 400 |
| Potion of Mana | 2 | 400 |
| Potion of Healing | 2 | 300 |
| Boots of Speed | 1 | 250 |
| total: | 14 | 1700g |
| Peon | 10 | 750 | / | 0 |
| Grunt | 5 | 1000 | / | 0 |
| Wind Rider | 5 | 1325 | / | 200 |
| total: | 20 | 3075g | / | 200w |
| Altar of Storms | 1 | 180 | / | 50 |
| Orc Burrow | 4 | 640 | / | 160 |
| Voodoo Lounge | 1 | 130 | / | 30 |
| Barracks | 1 | 180 | / | 50 |
| War Mill | 1 | 205 | / | 0 |
| Beastiary | 2 | 290 | / | 280 |
| Stronghold | 1 | 315 | / | 190 |
| total: | 10 | 1625g | / | 570w |
| 0:04 | Altar of Storms |
| 0:05 | Peon |
| 0:05 | Peon |
| 0:16 | Peon |
| 0:22 | Orc Burrow |
| 0:37 | Voodoo Lounge |
| 0:43 | Peon |
| 0:59 | Peon |
| 1:19 | Peon |
| 1:27 | Barracks |
| 1:45 | Peon |
| 1:50 | Orc Burrow |
| 2:10 | Lesser Clarity Potion |
| 2:10 | Healing Salve |
| 2:17 | Wind Walk |
| 2:32 | Grunt |
| 2:34 | Backpack |
| 3:49 | Grunt |
| 3:53 | Orc Burrow |
| 3:57 | Peon |
| 3:57 | Peon |
| 4:00 | Peon |
| 4:09 | Healing Salve |
| 4:10 | Lesser Clarity Potion |
| 4:11 | Healing Salve |
| 4:18 | Stronghold |
| 4:33 | Boots of Speed |
| 5:18 | Grunt |
| 5:29 | Grunt |
| 5:36 | War Mill |
| 6:16 | Lesser Clarity Potion |
| 6:17 | Lesser Clarity Potion |
| 6:47 | Beastiary |
| 6:48 | Beastiary |
| 8:09 | Wind Rider |
| 8:10 | Wind Rider |
| 8:31 | Orc Burrow |
| 9:15 | Grunt |
| 9:21 | Lesser Clarity Potion |
| 9:53 | Critical Strike |
| 10:09 | Potion of Mana |
| 10:09 | Potion of Healing |
| 10:35 | Wind Rider |
| 10:35 | Wind Rider |
| 10:53 | Potion of Healing |
| 11:57 | Wind Rider |
| 12:50 | Potion of Mana |
| 13:05 | Healing Salve |
| Right click | 681 |
| Select | 190 |
| Build/train/purchase | 72 |
| Use ability | 11 |
| Remove unit | 2 |
/ 0.3k
8 buildings @ 1.4k
/ 0.4k


| Wisp | 10 | 600 | / | 0 |
| Archer | 11 | 1430 | / | 110 |
| Huntress | 9 | 1755 | / | 180 |
| total: | 30 | 3785g | / | 290w |
| Altar of Elders | 1 | 180 | / | 50 |
| Moon Well | 5 | 900 | / | 200 |
| Ancient of War | 1 | 150 | / | 60 |
| Hunter's Hall | 1 | 210 | / | 100 |
| Tree of Ages | 1 | 320 | / | 180 |
| total: | 8 | 1440g | / | 410w |
| 0:01 | Wisp |
| 0:06 | Altar of Elders |
| 0:09 | Wisp |
| 0:17 | Moon Well |
| 0:20 | Wisp |
| 0:36 | Ancient of War |
| 0:44 | Wisp |
| 0:51 | Wisp |
| 1:10 | Wisp |
| 1:11 | Wisp |
| 1:33 | Moon Well |
| 1:39 | Archer |
| 2:18 | Force of Nature |
| 2:43 | Hunter's Hall |
| 3:19 | Archer |
| 3:45 | Huntress |
| 3:56 | Ultravision |
| 4:07 | Huntress |
| 4:11 | Moon Well |
| 4:13 | Tree of Ages |
| 4:41 | Sentinel |
| 5:03 | Entangling Roots |
| 5:34 | Huntress |
| 5:46 | Huntress |
| 6:13 | Huntress |
| 6:34 | Huntress |
| 6:38 | Moon Well |
| 6:40 | Wisp |
| 7:32 | Wisp |
| 7:32 | Wisp |
| 8:14 | Strength of the Moon |
| 8:20 | Acid Bomb |
| 8:24 | Archer |
| 8:24 | Archer |
| 8:25 | Archer |
| 9:10 | Archer |
| 9:10 | Archer |
| 9:20 | Archer |
| 9:22 | Moon Well |
| 9:30 | Healing Spray |
| 10:14 | Entangling Roots |
| 11:27 | Force of Nature |
| 11:44 | Huntress |
| 11:45 | Huntress |
| 11:45 | Huntress |
| 13:18 | Archer |
| 13:18 | Archer |
| 13:18 | Archer |
| Right click | 1008 |
| Select | 343 |
| Select group | 131 |
| Build/train/purchase | 45 |
| Assign group | 41 |
| Use ability | 38 |
| Misc. action | 4 |